[Event "ICC tourney 3298 (40 10)"]
[Site "Internet Chess Club"]
[Date "2023.10.07"]
[Round "1"]
[White "MARCHENKO, VITALIY:KingPawn23"]
[Black "KAYAALP, LEVENT:Manch"]
[Result "0-1"]
[ICCResult "White resigns"]
[WhiteElo "1816"]
[BlackElo "1505"]
[Opening "Scotch: Potter variation"]
[ECO "C45"]
[NIC "SO.05"]
[Time "11:02:13"]
[PlyCount "38"]
[TimeControl "2400+10"]

1. e4 e5 2. Nf3 Nc6 3. d4 exd4 4. Nxd4 Bc5 5. Nb3 Bb6 6. Nc3 Qh4 7. g3 Qf6
8. Qe2 Nge7 9. Be3 d6 10. O-O-O Ne5 11. f4 Bg4 12. fxe5 Bxe2 13. exf6 Bxe3+
14. Kb1 Bxd1 15. fxg7 Bxc2+ 16. Kxc2 Rg8 17. Bc4 Rxg7 18. Re1 Bb6 19. Nd4
Bxd4 {White resigns} 0-1

[Event "ICC tourney 3298 (40 10)"]
[Site "Internet Chess Club"]
[Date "2023.10.07"]
[Round "1"]
[White "Hamlett, James Morrison:Hamlett144"]
[Black "BOGIN, THEODORE:tbogin1"]
[Result "0-1"]
[ICCResult "White resigns"]
[WhiteElo "1400"]
[BlackElo "1800"]
[Opening "French defense"]
[ECO "C00"]
[NIC "FR.01"]
[Time "11:11:25"]
[PlyCount "30"]
[TimeControl "2400+10"]

1. e4 e6 2. Nc3 d5 3. exd5 exd5 4. d4 Bb4 5. Nf3 Bxc3+ 6. bxc3 Nf6 7. Ba3
Nc6 8. Be2 Be6 9. O-O Qd7 10. Rb1 O-O-O 11. Qd3 Na5 12. Rb5 Nc4 13. Ne5 Qxb5
14. Nxf7 Bxf7 15. Qf5+ Qd7 {White resigns} 0-1

[Event "ICC tourney 3298 (40 10)"]
[Site "Internet Chess Club"]
[Date "2023.10.07"]
[Round "1"]
[White "Lin, Owen:OLin23"]
[Black "Dillibabu, Jaithra:JaithraDilli"]
[Result "1/2-1/2"]
[ICCResult "Game drawn by repetition"]
[WhiteElo "1530"]
[BlackElo "1329"]
[Opening "French: advance, Nimzovich system"]
[ECO "C02"]
[NIC "FR.03"]
[Time "11:00:23"]
[PlyCount "78"]
[TimeControl "2400+10"]

1. e4 e6 2. d4 d5 3. e5 c5 4. Nf3 Nc6 5. Nc3 Qb6 6. Be3 Bd7 7. dxc5 Bxc5 8.
Bxc5 Qxc5 9. Bd3 Nge7 10. a3 Qb6 11. b4 a6 12. Na4 Qc7 13. Nc5 Nxe5 14. Nxe5
Qxe5+ 15. Kf1 Bc6 16. Rb1 Qd6 17. Qf3 Ng6 18. Bxg6 hxg6 19. h3 b6 20. Nd3
Bb5 21. Re1 Rc8 22. Qd1 Qc7 23. Re2 Bxd3 24. Qxd3 Qc4 25. Qd2 Rh5 26. Kg1
Qc3 27. Qc1 Re5 28. Rd2 Re4 29. Kh2 Qe5+ 30. g3 Rec4 31. Qd1 Qb2 32. Qe2
Rxc2 33. Qxa6 Rxd2 34. Qxc8+ Ke7 35. Qc7+ Kf6 36. Qf4+ Ke7 37. Qc7+ Kf6 38.
Qf4+ Ke7 39. Qc7+ Kf6 {Game drawn by repetition} 1/2-1/2

[Event "ICC tourney 3298 (40 10)"]
[Site "Internet Chess Club"]
[Date "2023.10.07"]
[Round "1"]
[White "JAIN, ANKITA:AnkitaJ"]
[Black "TRIPATHY, SIDDHARTH KESHAV:Sid907"]
[Result "1/2-1/2"]
[ICCResult "Game drawn because neither player has mating material"]
[WhiteElo "1800"]
[BlackElo "1346"]
[Opening "QGD Slav: 4.Nc3"]
[ECO "D15"]
[NIC "SL.03"]
[Time "11:00:33"]
[PlyCount "133"]
[TimeControl "2400+10"]

1. d4 d5 2. c4 c6 3. Nf3 Nf6 4. Nc3 Bf5 5. e3 e6 6. Bd3 Bg6 7. Ne5 Bxd3 8.
Qxd3 Bd6 9. f4 O-O 10. O-O Nbd7 11. Bd2 Qe7 12. Be1 Qd8 13. Bh4 Be7 14. Rf3
Nxe5 15. fxe5 Nd7 16. Bxe7 Qxe7 17. Rh3 h6 18. Rf1 f5 19. exf6 Rxf6 20. Rxf6
Qxf6 21. Rf3 Qg5 22. Rg3 Qf6 23. Ne2 Rf8 24. Rf3 Qg5 25. Rxf8+ Nxf8 26. Nf4
Qf6 27. Qa3 a6 28. Qb4 Qf7 29. Nd3 Nd7 30. Qxb7 dxc4 31. Nb4 Nf6 32. Qxc6
Ng4 33. Qa8+ Kh7 34. Qe4+ Qg6 35. Qxg6+ Kxg6 36. Nc2 Kf5 37. h3 Nf6 38. Kf2
Ke4 39. Ke2 Nd5 40. Kd2 a5 41. a3 a4 42. Ke2 g6 43. Kd2 g5 44. Ke2 h5 45.
Kd2 g4 46. hxg4 hxg4 47. Ke2 g3 48. Kd2 e5 49. dxe5 Kxe5 50. Nb4 Ke4 51.
Nxd5 Kxd5 52. Kd1 Ke5 53. Kd2 Kd5 54. Kc3 Ke4 55. Kxc4 Kxe3 56. b4 axb3 57.
Kxb3 Kf2 58. a4 Kxg2 59. a5 Kf2 60. a6 g2 61. a7 g1=Q 62. a8=Q Qb1+ 63. Kc4
Qc2+ 64. Kb5 Qb3+ 65. Ka6 Qa3+ 66. Kb7 Qxa8+ 67. Kxa8
{Game drawn because neither player has mating material}
1/2-1/2

[Event "ICC tourney 3298 (40 10)"]
[Site "Internet Chess Club"]
[Date "2023.10.07"]
[Round "1"]
[White "Bronshtein, Marc:MarcBronshtein"]
[Black "BERKLEY, DARRIN K:drberkley"]
[Result "0-1"]
[ICCResult "White checkmated"]
[WhiteElo "1507"]
[BlackElo "1865"]
[Opening "King's Indian: Gligoric-Taimanov system"]
[ECO "E92"]
[NIC "KI.18"]
[Time "11:01:02"]
[PlyCount "162"]
[TimeControl "2400+10"]

1. d4 Nf6 2. c4 g6 3. Nc3 Bg7 4. e4 d6 5. Nf3 O-O 6. Be2 e5 7. Be3 Nc6 8. d5
Ne7 9. Nd2 Nd7 10. b4 f5 11. f3 b6 12. Rc1 f4 13. Bf2 g5 14. h4 gxh4 15.
Bxh4 a6 16. Qc2 Qe8 17. Bf2 Ng6 18. Na4 Rf7 19. c5 b5 20. Nb2 Bf8 21. a4 Rb8
22. axb5 axb5 23. Nb3 Nf6 24. c6 h5 25. Ra1 Rh7 26. Ba7 Ra8 27. Bxb5 h4 28.
Bf2 Rxa1+ 29. Nxa1 h3 30. gxh3 Bxh3 31. Bf1 Bxf1 32. Rxh7 Nxh7 33. Kxf1 Ng5
34. Ke2 Qa8 35. Qa4 Qc8 36. Nc2 Qh3 37. Qb3 Nxe4 38. Qd3 Ng3+ 39. Kd2 Nh4
40. Kc3 Bg7 41. Kb3 Qg2 42. Bxg3 fxg3 43. Ne1 Qxb2+ 44. Kxb2 e4+ 45. Kc2
exd3+ 46. Kxd3 g2 47. Nxg2 Nxg2 48. b5 Nf4+ 49. Ke4 Ng6 50. Kf5 Kf7 51. f4
Bd4 52. Ke4 Bg1 53. Kf5 Ne7+ 54. Ke4 Kf6 55. Kf3 Nxd5 56. Ke4 Nc3+ 57. Kd3
Nxb5 58. Kc4 Na7 59. Kd5 Kf5 60. Kc4 Nxc6 61. Kd5 Ne7+ 62. Kc4 c6 63. Kd3
Kxf4 64. Ke2 d5 65. Kd2 c5 66. Kd3 Nc6 67. Kc3 c4 68. Kd2 d4 69. Kc1 Ke3 70.
Kb1 Kd2 71. Ka1 c3 72. Kb1 c2+ 73. Ka2 Nb4+ 74. Kb3 c1=Q 75. Kxb4 Qc3+ 76.
Ka4 Qb2 77. Ka5 Kc3 78. Ka6 Kc4 79. Ka7 Kc5 80. Ka8 Kc6 81. Ka7 Qb7#
{White checkmated}
0-1

[Event "ICC tourney 3298 (40 10)"]
[Site "Internet Chess Club"]
[Date "2023.10.07"]
[Round "2"]
[White "Hamlett, James Morrison:Hamlett144"]
[Black "MARCHENKO, VITALIY:KingPawn23"]
[Result "0-1"]
[ICCResult "White resigns"]
[WhiteElo "1400"]
[BlackElo "1816"]
[Opening "Evans gambit"]
[ECO "C52"]
[NIC "IG.05"]
[Time "13:16:52"]
[PlyCount "62"]
[TimeControl "2400+10"]

1. e4 e5 2. Nf3 Nc6 3. Bc4 Bc5 4. b4 Bxb4 5. c3 Ba5 6. Qb3 Qe7 7. d4 exd4 8.
O-O dxc3 9. Ng5 Nh6 10. f4 Nd4 11. Qd1 Qc5 12. Be3 Bb6 13. Bxd4 Qxd4+ 14.
Qxd4 Bxd4+ 15. Kh1 c2 16. Na3 Bxa1 17. Rxa1 O-O 18. Nxc2 d6 19. h3 Bd7 20.
Re1 Rae8 21. Bd3 f6 22. Bc4+ Kh8 23. Nf3 Bc6 24. Nd2 Re7 25. Kh2 Rfe8 26.
Bd3 f5 27. g4 fxe4 28. Bf1 e3 29. Nc4 e2 30. Bg2 Bxg2 31. Kxg2 Re4
{White resigns}
0-1

[Event "ICC tourney 3298 (40 10)"]
[Site "Internet Chess Club"]
[Date "2023.10.07"]
[Round "2"]
[White "BOGIN, THEODORE:tbogin1"]
[Black "KAYAALP, LEVENT:Manch"]
[Result "0-1"]
[ICCResult "White resigns"]
[WhiteElo "1800"]
[BlackElo "1505"]
[Opening "King's pawn game"]
[ECO "C50"]
[NIC "IG.03"]
[Time "13:17:40"]
[PlyCount "105"]
[TimeControl "2400+10"]

1. e4 e5 2. Nf3 Nc6 3. Bc4 Nd4 4. Nxd4 exd4 5. Qh5 Qf6 6. O-O d6 7. f4 Ne7
8. e5 Qf5 9. Qe2 Qxc2 10. exd6 cxd6 11. Bb5+ Bd7 12. Bxd7+ Kxd7 13. Na3 Qc5
14. d3 Nf5 15. g4 Re8 16. Qg2 Ne3 17. Qxb7+ Qc7 18. Qxc7+ Kxc7 19. Bxe3 dxe3
20. Nb5+ Kd7 21. Rac1 d5 22. Rc7+ Ke6 23. Rxa7 e2 24. Re1 Bc5+ 25. Kg2 Bxa7
26. Rxe2+ Kd7 27. Rxe8 Rxe8 28. Nxa7 Ra8 29. Nb5 Rxa2 30. Kf3 Rxb2 31. Nc3
Rxh2 32. Nxd5 Rh3+ 33. Ke4 Ke6 34. f5+ Kd6 35. Nf4 Rh1 36. Nh5 Re1+ 37. Kf3
g6 38. Nf6 gxf5 39. gxf5 Rf1+ 40. Kg4 Rg1+ 41. Kf4 h6 42. Ne4+ Ke7 43. Ke5
f6+ 44. Nxf6 Re1+ 45. Ne4 h5 46. f6+ Kf7 47. Kf5 h4 48. Ng5+ Kf8 49. Kg6 Rf1
50. Ne6+ Kg8 51. Ng5 Rg1 52. Kh5 Rxg5+ 53. Kxh4 {White resigns} 0-1

[Event "ICC tourney 3298 (40 10)"]
[Site "Internet Chess Club"]
[Date "2023.10.07"]
[Round "2"]
[White "TRIPATHY, SIDDHARTH KESHAV:Sid907"]
[Black "Lin, Owen:OLin23"]
[Result "0-1"]
[ICCResult "White resigns"]
[WhiteElo "1346"]
[BlackElo "1530"]
[Opening "Sicilian: closed, 2...Nc6"]
[ECO "B23"]
[NIC "SI.44"]
[Time "13:15:16"]
[PlyCount "98"]
[TimeControl "2400+10"]

1. e4 c5 2. Nc3 Nc6 3. Bc4 e6 4. Nf3 Be7 5. O-O Nf6 6. e5 Ng4 7. Re1 d5 8.
exd6 Qxd6 9. Ne4 Qc7 10. h3 Nge5 11. Nxe5 Nxe5 12. Bb5+ Bd7 13. Qe2 O-O 14.
Bxd7 Nxd7 15. d3 Nf6 16. Bg5 Nxe4 17. Bxe7 Ng3 18. fxg3 Qxe7 19. g4 b6 20.
Rf1 Qd7 21. c3 Rad8 22. Rad1 Qa4 23. b3 Qa6 24. Qc2 Rd7 25. Rf3 Rfd8 26.
Rdf1 f6 27. Rd1 e5 28. Re3 b5 29. c4 bxc4 30. Qxc4+ Qxc4 31. bxc4 Rd4 32.
Rb1 Rxd3 33. Rxd3 Rxd3 34. Rb8+ Kf7 35. Rb7+ Kg6 36. Rxa7 Rc3 37. Ra4 e4 38.
Kf2 Kg5 39. Ke2 Kf4 40. Kf2 Rc2+ 41. Ke1 Ke3 42. Kd1 Rxg2 43. Ra8 Kf2 44. a4
e3 45. Re8 Rg1+ 46. Kc2 e2 47. Kd2 Rd1+ 48. Kc2 e1=Q 49. Rxe1 Rxe1
{White resigns}
0-1

[Event "ICC tourney 3298 (40 10)"]
[Site "Internet Chess Club"]
[Date "2023.10.07"]
[Round "2"]
[White "Malhotra, Rehaan:MrRap"]
[Black "Romanyuk, Nikita:NikitaR"]
[Result "1-0"]
[ICCResult "Black checkmated"]
[WhiteElo "1563"]
[BlackElo "1163"]
[Opening "French: exchange variation"]
[ECO "C01"]
[NIC "FR.01"]
[Time "13:15:14"]
[PlyCount "131"]
[TimeControl "2400+10"]

1. e4 e6 2. d4 d5 3. exd5 Qxd5 4. Nc3 Qd8 5. Nf3 c5 6. Be3 cxd4 7. Nxd4 a6
8. Bc4 Nf6 9. O-O Bc5 10. Re1 O-O 11. Nf3 Bxe3 12. Rxe3 Qxd1+ 13. Rxd1 Nc6
14. a3 b5 15. Ba2 Bb7 16. Red3 Rad8 17. Rxd8 Rxd8 18. Rxd8+ Nxd8 19. Ne5 Nc6
20. Nxc6 Bxc6 21. f3 Kf8 22. Ne2 Ke7 23. Nd4 Kd6 24. Kf2 Bd5 25. Bxd5 Nxd5
26. g3 g6 27. f4 e5 28. fxe5+ Kxe5 29. Nc6+ Ke4 30. Nb8 Nc7 31. Nd7 h5 32.
Ke2 f5 33. Nf8 g5 34. Nh7 Ne6 35. Nf6+ Ke5 36. Nxh5 f4 37. gxf4+ Nxf4+ 38.
Nxf4 Kxf4 39. Kf2 Kg4 40. Kg2 Kf4 41. h3 Ke3 42. Kg3 Kd2 43. c3 Kc2 44. b4
Kxc3 45. Kg4 Kb3 46. Kxg5 Kxa3 47. h4 Kxb4 48. h5 Ka3 49. h6 b4 50. h7 b3
51. h8=Q b2 52. Qh7 Ka2 53. Qc2 Ka1 54. Qa4+ Kb1 55. Qxa6 Kc1 56. Qc4+ Kd2
57. Qb3 Kc1 58. Qc3+ Kb1 59. Kf4 Ka2 60. Qc2 Ka1 61. Qa4+ Kb1 62. Ke3 Kc1
63. Qc4+ Kd1 64. Qc3 b1=N 65. Qb2 Na3 66. Qd2# {Black checkmated} 1-0

[Event "ICC tourney 3298 (40 10)"]
[Site "Internet Chess Club"]
[Date "2023.10.07"]
[Round "2"]
[White "Dillibabu, Jaithra:JaithraDilli"]
[Black "JAIN, ANKITA:AnkitaJ"]
[Result "0-1"]
[ICCResult "White resigns"]
[WhiteElo "1329"]
[BlackElo "1800"]
[Opening "Queen's pawn, Mason variation"]
[ECO "D00"]
[NIC "QP.08"]
[Time "13:15:14"]
[PlyCount "76"]
[TimeControl "2400+10"]

1. d4 d5 2. Bf4 Nf6 3. e3 e6 4. Nf3 Bd6 5. Bg3 Nbd7 6. c3 Ne4 7. Bd3 f5 8.
Nbd2 Ndf6 9. Qc2 a6 10. Ne5 Nxg3 11. hxg3 Bxe5 12. dxe5 Ng4 13. Nf3 c6 14.
O-O-O Qc7 15. c4 dxc4 16. Bxc4 Nxe5 17. Rh4 Nxf3 18. gxf3 Bd7 19. Rhd4 O-O-O
20. Rd6 e5 21. Rxd7 Rxd7 22. Be6 Rd8 23. Qxf5 g6 24. Bxd7+ Rxd7 25. Qf8+ Qd8
26. Qxd8+ Kxd8 27. Rxd7+ Kxd7 28. Kd2 Kd6 29. Kd3 h5 30. f4 exf4 31. exf4
Kd5 32. b3 a5 33. f3 b5 34. a3 c5 35. Kc3 c4 36. b4 a4 37. f5 gxf5 38. f4
Ke4 {White resigns} 0-1

[Event "ICC tourney 3298 (40 10)"]
[Site "Internet Chess Club"]
[Date "2023.10.07"]
[Round "2"]
[White "BERKLEY, DARRIN K:drberkley"]
[Black "Ngo, David Ba Cong:Vitiucun88"]
[Result "1-0"]
[ICCResult "Black resigns"]
[WhiteElo "1865"]
[BlackElo "1517"]
[Opening "Owen defense"]
[ECO "B00"]
[NIC "VO.01"]
[Time "13:16:01"]
[PlyCount "75"]
[TimeControl "2400+10"]

1. e4 b6 2. Nc3 Bb7 3. f4 e6 4. Nf3 Bb4 5. e5 a6 6. d4 Ne7 7. Bd3 Nd5 8. Bd2
Nxc3 9. bxc3 Be7 10. O-O c5 11. Ng5 g6 12. Be4 Qc7 13. Qf3 Bxe4 14. Nxe4 Qc6
15. Rfe1 c4 16. Rab1 Ra7 17. Qh3 h5 18. g4 a5 19. f5 gxf5 20. gxf5 exf5 21.
Qxf5 Rg8+ 22. Kf1 Qg6 23. Qxg6 Rxg6 24. Nd6+ Kf8 25. Rxb6 Bxd6 26. exd6 Nc6
27. d5 Rxd6 28. dxc6 Rxd2 29. Rb7 Ra6 30. c7 Rf6+ 31. Kg1 Rff2 32. c8=Q+ Kg7
33. Qc7 Rxc2 34. Qe5+ Kg6 35. Rxd7 Rxa2 36. Qg3+ Kf6 37. Qxf2+ Rxf2 38. Kxf2
{Black resigns}
1-0

[Event "ICC tourney 3298 (40 10)"]
[Site "Internet Chess Club"]
[Date "2023.10.07"]
[Round "2"]
[White "Ryerson, Olivia:oliviaryerson"]
[Black "Bronshtein, Marc:MarcBronshtein"]
[Result "0-1"]
[ICCResult "White checkmated"]
[WhiteElo "1330"]
[BlackElo "1507"]
[Opening "Queen's pawn, Mason variation"]
[ECO "D00"]
[NIC "QP.08"]
[Time "13:15:08"]
[PlyCount "118"]
[TimeControl "2400+10"]

1. d4 d5 2. Bf4 Nf6 3. e3 e6 4. Nf3 c5 5. c3 Nc6 6. Bd3 b6 7. Nbd2 Bb7 8.
Ne5 Bd6 9. Qc2 Qc7 10. Ndf3 h6 11. Bb5 Rc8 12. O-O O-O 13. Bd3 Nh5 14. Nxc6
Nxf4 15. Nce5 Nxd3 16. Qxd3 cxd4 17. exd4 Rfd8 18. Rfe1 Bc6 19. Rac1 Qb7 20.
Nxc6 Rxc6 21. Ne5 Rc7 22. g3 Rdc8 23. f4 b5 24. Qe3 Qb6 25. Re2 b4 26. Rec2
bxc3 27. bxc3 Ba3 28. Rd1 Bb4 29. c4 dxc4 30. Rb1 Qd6 31. Nf3 Kf8 32. Qe5
Qc6 33. Kf2 a5 34. Nd2 Qd5 35. Qxd5 exd5 36. Nf3 f6 37. Nh4 Kf7 38. Nf5 Kg6
39. Ne3 Rd8 40. g4 Re7 41. h4 Re4 42. f5+ Kf7 43. Rd1 Ke7 44. Ng2 Rxg4 45.
Re2+ Kf7 46. Re6 Re8 47. Rxe8 Kxe8 48. Rb1 Rxd4 49. Kf3 Rd2 50. Nf4 Rxa2 51.
Re1+ Kd7 52. Re6 c3 53. Ra6 c2 54. Ra7+ Kc6 55. Ra6+ Kb5 56. Re6 c1=Q 57.
Nxd5 Qf1+ 58. Ke3 Re2+ 59. Kd3 Qd1# {White checkmated} 0-1

[Event "ICC tourney 3298 (40 10)"]
[Site "Internet Chess Club"]
[Date "2023.10.07"]
[Round "3"]
[White "Dillibabu, Jaithra:JaithraDilli"]
[Black "Hamlett, James Morrison:Hamlett144"]
[Result "1-0"]
[ICCResult "Black resigns"]
[WhiteElo "1329"]
[BlackElo "1400"]
[Opening "Dutch defense"]
[ECO "A84"]
[NIC "HD.10"]
[Time "15:35:29"]
[PlyCount "50"]
[TimeControl "2400+10"]

1. d4 f5 2. c4 Nf6 3. Nf3 e6 4. Bg5 b6 5. g3 h6 6. Bxf6 gxf6 7. e3 Bb4+ 8.
Nbd2 Bb7 9. Bg2 Qe7 10. O-O h5 11. h4 Qg7 12. a3 Bd6 13. Kh2 Rg8 14. Qe1 Na6
15. b4 c5 16. b5 Nc7 17. a4 f4 18. exf4 Bxf4 19. Rg1 cxd4 20. Nxd4 Bxg2 21.
Rxg2 Bxd2 22. Qxd2 O-O-O 23. a5 bxa5 24. Qxa5 a6 25. b6 Ne8 {Black resigns}
1-0

[Event "ICC tourney 3298 (40 10)"]
[Site "Internet Chess Club"]
[Date "2023.10.07"]
[Round "3"]
[White "Bronshtein, Marc:MarcBronshtein"]
[Black "BOGIN, THEODORE:tbogin1"]
[Result "1-0"]
[ICCResult "Black resigns"]
[WhiteElo "1507"]
[BlackElo "1800"]
[Opening "Benkö gambit: 7.e4"]
[ECO "A59"]
[NIC "BI.45"]
[Time "15:30:24"]
[PlyCount "57"]
[TimeControl "2400+10"]

1. d4 Nf6 2. c4 c5 3. d5 b5 4. cxb5 a6 5. bxa6 Bxa6 6. Nc3 d6 7. e4 Bxf1 8.
Kxf1 g6 9. Nf3 Nbd7 10. h3 Bg7 11. g3 O-O 12. Kg2 Ra6 13. Qe2 Qa8 14. Be3 e6
15. dxe6 fxe6 16. Bf4 Nh5 17. Bg5 h6 18. Bd2 d5 19. Rhe1 Rb6 20. b3 d4 21.
Na4 Rd6 22. Rac1 d3 23. Qe3 Rc6 24. Qxd3 Qb7 25. Bc3 Nb6 26. Bxg7 Nxg7 27.
Nxc5 Qf7 28. Qe2 Rfc8 29. Ne5 {Black resigns} 1-0

[Event "ICC tourney 3298 (40 10)"]
[Site "Internet Chess Club"]
[Date "2023.10.07"]
[Round "3"]
[White "JAIN, ANKITA:AnkitaJ"]
[Black "Lin, Owen:OLin23"]
[Result "0-1"]
[ICCResult "White resigns"]
[WhiteElo "1800"]
[BlackElo "1530"]
[Opening "QGD Slav: 4.e3 Bf5"]
[ECO "D12"]
[NIC "QP.07"]
[Time "15:30:20"]
[PlyCount "78"]
[TimeControl "2400+10"]

1. d4 Nf6 2. c4 c6 3. Nf3 d5 4. e3 Bf5 5. Nc3 e6 6. Ne5 Nbd7 7. f4 Bb4 8.
Bd3 Ne4 9. Bxe4 Bxe4 10. Qg4 Nxe5 11. fxe5 Bxc3+ 12. bxc3 O-O 13. O-O Bd3
14. Rf3 Be2 15. c5 Bxf3 16. gxf3 Kh8 17. Kf2 Qe7 18. e4 f5 19. exf6 Qxf6 20.
e5 Qf5 21. Qxf5 Rxf5 22. Rb1 Rf7 23. Kg3 Raf8 24. f4 h6 25. h4 Re7 26. Be3
Rf5 27. Kg4 Ref7 28. Rb2 Kh7 29. a3 Rc7 30. Rb3 Rf8 31. a4 Rb8 32. a5 b6 33.
a6 Rcc8 34. Ra3 bxc5 35. dxc5 Rb1 36. f5 Re1 37. Bf4 exf5+ 38. Kxf5 Rf8+ 39.
Kg4 Re4 {White resigns} 0-1

[Event "ICC tourney 3298 (40 10)"]
[Site "Internet Chess Club"]
[Date "2023.10.07"]
[Round "3"]
[White "Romanyuk, Nikita:NikitaR"]
[Black "TRIPATHY, SIDDHARTH KESHAV:Sid907"]
[Result "0-1"]
[ICCResult "White checkmated"]
[WhiteElo "1163"]
[BlackElo "1346"]
[Opening "Sicilian: Canal-Sokolsky (Nimzovich-Rossolimo, Moscow) attack"]
[ECO "B51"]
[NIC "SI.01"]
[Time "15:30:29"]
[PlyCount "126"]
[TimeControl "2400+10"]

1. e4 c5 2. Nf3 d6 3. Bb5+ Nc6 4. O-O Bd7 5. c3 a6 6. Bxc6 Bxc6 7. Re1 g6 8.
d4 cxd4 9. Qxd4 Nf6 10. e5 dxe5 11. Qxd8+ Rxd8 12. Nxe5 Bd5 13. c4 Be6 14.
Nc3 Bg7 15. b3 Ng4 16. f4 O-O 17. Bb2 Nxe5 18. fxe5 Rd2 19. Ba3 Re8 20. Ne4
Rdd8 21. Nc5 Bc8 22. Rab1 e6 23. Bb2 b6 24. Ne4 Re7 25. Rbd1 Red7 26. Rxd7
Rxd7 27. Nf6+ Bxf6 28. exf6 Rd2 29. Rb1 Bb7 30. g3 Rg2+ 31. Kf1 Rxh2 32. Bd4
Bg2+ 33. Kg1 Rh1+ 34. Kxg2 Rxb1 35. Bxb6 Rb2+ 36. Kh3 Rxa2 37. b4 Kf8 38.
Kg4 Rc2 39. c5 Rc4+ 40. Kh3 Rxb4 41. Kg2 Ke8 42. Kf3 Kd7 43. g4 Kc6 44. Kg3
h5 45. gxh5 gxh5 46. Kf3 h4 47. Kg2 Rb3 48. Kh2 Kd5 49. Kg2 e5 50. Kf2 h3
51. Kg1 Rb2 52. Kh1 e4 53. Kg1 e3 54. c6 Rxb6 55. c7 Rc6 56. Kh2 Rxc7 57.
Kxh3 e2 58. Kg2 e1=Q 59. Kf3 Qe4+ 60. Kg3 Rc3+ 61. Kf2 Rf3+ 62. Kg2 Qg4+ 63.
Kh2 Rh3# {White checkmated} 0-1

[Event "ICC tourney 3298 (40 10)"]
[Site "Internet Chess Club"]
[Date "2023.10.07"]
[Round "3"]
[White "KAYAALP, LEVENT:Manch"]
[Black "BERKLEY, DARRIN K:drberkley"]
[Result "0-1"]
[ICCResult "White resigns"]
[WhiteElo "1505"]
[BlackElo "1865"]
[Opening "Pirc defense"]
[ECO "B07"]
[NIC "PU.08"]
[Time "15:30:18"]
[PlyCount "112"]
[TimeControl "2400+10"]

1. e4 d6 2. d4 Nf6 3. Qf3 Nc6 4. Bb5 Bd7 5. Bxc6 Bxc6 6. d5 Bd7 7. h3 c6 8.
Nc3 g6 9. Nge2 Bg7 10. O-O O-O 11. Rb1 a6 12. Be3 Rc8 13. Nd4 c5 14. Nb3 b5
15. Rfe1 Qb6 16. Ne2 a5 17. c3 a4 18. Nd2 Qb7 19. a3 Be8 20. b4 Nd7 21. Bf4
cxb4 22. cxb4 Nb6 23. Rec1 Bd7 24. Be3 Nc4 25. Nxc4 bxc4 26. Nc3 f5 27. Rb2
fxe4 28. Qxe4 Bf5 29. Qh4 Rf7 30. Rd2 Qa6 31. Bd4 Bd3 32. Bxg7 Rxg7 33. Re1
Qa7 34. Qg4 Rf8 35. Qe6+ Rgf7 36. Re3 Bf5 37. Nb5 Qb6 38. Nxd6 exd6 39.
Qxf7+ Rxf7 40. Rc3 Bd3 41. Rc1 Qd4 42. Re1 Qxd5 43. Re3 Qd4 44. b5 Qc3 45.
Ra2 Qb3 46. Ra1 Qxb5 47. Rae1 c3 48. Re8+ Kg7 49. Rc8 c2 50. Re3 Qb1+ 51.
Kh2 c1=Q 52. Rxc1 Qxc1 53. Rxd3 Rxf2 54. Rf3 Rxf3 55. gxf3 d5 56. Kg3 d4
{White resigns}
0-1

[Event "ICC tourney 3298 (40 10)"]
[Site "Internet Chess Club"]
[Date "2023.10.07"]
[Round "3"]
[White "Ngo, David Ba Cong:Vitiucun88"]
[Black "MARCHENKO, VITALIY:KingPawn23"]
[Result "0-1"]
[ICCResult "White forfeits on time"]
[WhiteElo "1517"]
[BlackElo "1816"]
[Opening "Queen's pawn game"]
[ECO "D00"]
[NIC "QP.07"]
[Time "15:30:15"]
[PlyCount "84"]
[TimeControl "2400+10"]

1. d4 Nf6 2. Nc3 d5 3. Bf4 c6 4. e3 a5 5. Nf3 Bg4 6. h3 Bh5 7. g4 Bg6 8. Ne5
Nbd7 9. Bd3 Nxe5 10. Bxe5 Nd7 11. Bg3 e6 12. Bxg6 hxg6 13. a3 a4 14. Qe2 Nf6
15. Bf4 Bd6 16. Bg5 Qb6 17. Rb1 Qa5 18. Bxf6 gxf6 19. Qd2 f5 20. Ke2 Be7 21.
gxf5 exf5 22. Nd1 Qxd2+ 23. Kxd2 b5 24. c3 Kd7 25. f3 Rh4 26. Nf2 Re8 27.
Rbg1 Bf6 28. f4 Reh8 29. Rg3 R4h6 30. Nd3 Bh4 31. Rg2 f6 32. Rhg1 g5 33.
fxg5 Bxg5 34. Nf2 f4 35. exf4 Bxf4+ 36. Kd3 Bg5 37. Rh1 Re8 38. Ng4 Rh4 39.
Re2 Reh8 40. Nf2 Rf4 41. Kc2 Rf3 42. Nd3 Rhxh3 {White forfeits on time} 0-1

[Event "ICC tourney 3298 (40 10)"]
[Site "Internet Chess Club"]
[Date "2023.10.07"]
[Round "4"]
[White "Lin, Owen:OLin23"]
[Black "KAYAALP, LEVENT:Manch"]
[Result "1-0"]
[ICCResult "Black resigns"]
[WhiteElo "1530"]
[BlackElo "1505"]
[Opening "Ponziani: Jaenisch counter-attack"]
[ECO "C44"]
[NIC "KP.05"]
[Time "17:52:43"]
[PlyCount "43"]
[TimeControl "2400+10"]

1. e4 e5 2. Nf3 Nc6 3. c3 Nf6 4. d4 exd4 5. e5 Qe7 6. cxd4 d6 7. Bb5 Bd7 8.
O-O dxe5 9. Bxc6 O-O-O 10. Bxd7+ Rxd7 11. Nxe5 Rd8 12. Bg5 h6 13. Bxf6 Qxf6
14. Qg4+ Qe6 15. Qxe6+ fxe6 16. Nf7 Rxd4 17. Nxh8 g5 18. Ng6 b6 19. Nxf8 Rf4
20. Nxe6 Rf6 21. Re1 Kb7 22. Na3 {Black resigns} 1-0

[Event "ICC tourney 3298 (40 10)"]
[Site "Internet Chess Club"]
[Date "2023.10.07"]
[Round "4"]
[White "BERKLEY, DARRIN K:drberkley"]
[Black "Malhotra, Rehaan:MrRap"]
[Result "1-0"]
[ICCResult "Black resigns"]
[WhiteElo "1865"]
[BlackElo "1563"]
[Opening "Sicilian: closed"]
[ECO "B23"]
[NIC "SI.44"]
[Time "17:45:09"]
[PlyCount "81"]
[TimeControl "2400+10"]

1. e4 c5 2. Nc3 d6 3. f4 Nc6 4. Nf3 Nf6 5. Bb5 Bd7 6. O-O a6 7. Bxc6 Bxc6 8.
d3 e6 9. Qe1 Be7 10. Qg3 O-O 11. e5 Nd5 12. Ne4 dxe5 13. fxe5 Nb4 14. Bh6 g6
15. Bxf8 Qxf8 16. Nf6+ Bxf6 17. exf6 Nxc2 18. Rac1 Ne3 19. Rf2 Nf5 20. Qh3
h6 21. Ne5 Rc8 22. g4 Nd4 23. Re1 Kh7 24. Qe3 Rc7 25. h4 Qg8 26. Qf4 Rc8 27.
Rc1 Qf8 28. b4 Bb5 29. h5 gxh5 30. Qe4+ Kh8 31. Qxb7 Be8 32. Qxc8 h4 33.
Qxc5 Qxc5 34. bxc5 h3 35. Kh2 Nb5 36. c6 Nc7 37. Rb1 Kh7 38. Rb7 Nd5 39. c7
Nxc7 40. Rxc7 Kg8 41. Rb2 {Black resigns} 1-0

[Event "ICC tourney 3298 (40 10)"]
[Site "Internet Chess Club"]
[Date "2023.10.07"]
[Round "4"]
[White "Romanyuk, Nikita:NikitaR"]
[Black "Ngo, David Ba Cong:Vitiucun88"]
[Result "0-1"]
[ICCResult "White checkmated"]
[WhiteElo "1163"]
[BlackElo "1517"]
[Opening "Owen defense"]
[ECO "B00"]
[NIC "VO.01"]
[Time "17:45:10"]
[PlyCount "124"]
[TimeControl "2400+10"]

1. e4 b6 2. Nf3 Bb7 3. Nc3 e6 4. d4 Bb4 5. Bd3 Nf6 6. e5 Nd5 7. Bd2 Nxc3 8.
Bxc3 Bxc3+ 9. bxc3 Qc8 10. O-O c5 11. Ng5 g6 12. Be4 Bxe4 13. Nxe4 O-O 14.
Nf6+ Kg7 15. h4 h5 16. g4 hxg4 17. Qxg4 Rh8 18. Kh2 cxd4 19. Qxd4 Qc5 20.
Qxc5 bxc5 21. Kg3 d5 22. Rg1 Nc6 23. f4 Ne7 24. h5 gxh5 25. Kf3+ Kf8 26.
Nd7+ Ke8 27. Nxc5 Rc8 28. Nd3 Rxc3 29. Rg2 Nf5 30. Rh2 Nd4+ 31. Kg3 Nxc2 32.
Rd1 Ne3 33. Rb1 Rxd3 34. Rb8+ Ke7 35. Rxh8 Nf1+ 36. Kg2 Rd2+ 37. Kxf1 Rxh2
38. a3 Rh4 39. Kg2 Rxf4 40. Rxh5 Rf5 41. Rxf5 exf5 42. Kf3 Ke6 43. Kf4 d4
44. a4 a5 45. Kf3 Kxe5 46. Ke2 Ke4 47. Kf2 f4 48. Ke2 f3+ 49. Kf2 f5 50. Ke1
Ke3 51. Kf1 d3 52. Ke1 d2+ 53. Kd1 f2 54. Kc2 f1=Q 55. Kb2 Qc1+ 56. Ka2 Qc4+
57. Kb2 Qb4+ 58. Ka2 Qxa4+ 59. Kb2 Qd4+ 60. Ka2 d1=Q 61. Ka3 Q1a1+ 62. Kb3
Qab2# {White checkmated} 0-1